 Dungeon Crawl Stone Soup version 0.30.1-3-gfc49f6343a (webtiles) character file.

Game seed: 3549528913601816716

151 Heoruswealwe the Conjurer (level 5, -1/28 HPs)
             Began as a Deep Elf Conjurer on Aug 7, 2023.
             Killed from afar by Sigmund (8 damage)
             ... with a magic dart
             ... on level 4 of the Dungeon.
             The game lasted 00:23:40 (2565 turns).

Heoruswealwe the Conjurer (Deep Elf Conjurer)       Turns: 2565, Time: 00:23:40

Health: -1/28      AC:  3    Str:  4    XL:     5   Next: 11%
Magic:  10/15      EV: 12    Int: 25    God:
Gold:   139        SH:  0    Dex: 13    Spells: 1/15 levels left

rFire   . . .        (no weapon)
rCold   + . .        (no shield)
rNeg    . . .        c - +0 robe
rPois   .            (no helmet)
rElec   .            (no cloak)
rCorr   .            (no gloves)
SInv    .            e - +0 pair of boots
Will    .....        (no amulet)
Stlth   ++           k - ring of protection from cold
HPRegen 0.24/turn    (no ring)
MPRegen 0.14/turn

%: no passive effects
@: no status effects
A: no striking features
a: no special abilities


You were on level 4 of the Dungeon.
You visited 1 branch of the dungeon, and saw 4 of its levels.

You collected 139 gold pieces.

Inventory:

Armour
 a - a +0 robe
 c - a +0 robe (worn)
 e - a +0 pair of boots (worn)
 p - a +0 robe
 s - a +0 robe
 t - a +0 robe
 w - a +0 cloak
Jewellery
 k - a ring of protection from cold (left hand)
Scrolls
 d - 2 scrolls of identify {unknown}
 i - a scroll of torment {unknown}
 j - 2 scrolls of immolation {unknown}
 l - a scroll of noise {unknown}
 m - a scroll of fog {unknown}
 n - a scroll of vulnerability {unknown}
 r - a scroll of teleportation {unknown}
Potions
 b - 2 potions of magic
 f - a potion of might {unknown}
 g - a potion of curing {unknown}
 h - a potion of brilliance {unknown}
 o - 2 potions of degeneration {unknown}
 q - a potion of cancellation {unknown}
 u - a potion of flight {unknown}
 v - a potion of lignification {unknown}


   Skills:
 - Level 2.4 Dodging
 - Level 2.4 Stealth
 + Level 5.5 Spellcasting
 + Level 5.9 Conjurations


You had one spell level left.
You knew the following spells:

 Your Spells              Type           Power      Damage    Failure   Level
a - Magic Dart            Conj           100%       1d8       1%          1
b - Searing Ray           Conj           72%        2d7       1%          2
c - Dazzling Flash        Conj/Hex       42%        N/A       7%          3
d - Fulminant Prism       Conj/Hex       10%        3d9       24%         4
e - Iskenderun's Mystic   Conj/Tloc      21%        2d6       24%         4

Your spell library contained the following spells:

 Spells                   Type           Power      Damage    Failure   Level
 Ozocubu's Armour         Ice            6%         N/A       24%         3
 Ozocubu's Refrigeration  Ice            3%         4d8       100%        7


Dungeon Overview and Level Annotations

Branches:
Dungeon (4/15)
 Temple: D:4-7

Altars:
Elyvilon

Annotations:
D:4 Sigmund


Message History

There is an open door here.
You open the door.
There is an open door here.
A hobgoblin comes into view.
A hobgoblin is nearby!
The magic dart hits the hobgoblin.
The hobgoblin is almost dead.
The hobgoblin shouts!
The magic dart hits the hobgoblin.
You kill the hobgoblin!
You see here a hobgoblin corpse.
You hear the rusting of a distant drain.
You open the door.
Sigmund the Dreaded comes into view.
He is wielding a +0 vampiric scythe.
There is an open door here.
Sigmund shouts!
Sigmund drinks a potion.
Sigmund seems to speed up.
The magic dart hits Sigmund.
Sigmund is lightly wounded.
Sigmund gestures at you while chanting. The magic dart hits you.
The magic dart hits Sigmund.
Sigmund is lightly wounded.
Sigmund casts a spell at you. The puff of flame hits you!
Sigmund gestures wildly while chanting.
Sigmund flickers and vanishes!
Deactivating autopickup; reactivate with Ctrl-A.
There is an open door here.
You are confused.
A magic dart appears from out of thin air!
The magic dart hits you.
* * * LOW HITPOINT WARNING * * *
You bump into the rock wall.
You bump into the rock wall.
You bump into the rock wall.
You feel less confused.
A magic dart appears from out of thin air!
The magic dart hits you!
You die...

##..... .# #..
...... .# #...
#....## .##....
#.....####
.#.....
#...#....#
.......
#.....##.......
##.....{........
+......#........
#....@.#........
#†#######.......
#.# ....... #.#
.#.{... #.#.####
.##.... #.#....#
.# #... #.#.####
#.#.# #.#.#


There were no monsters in sight!

Vanquished Creatures
  Crazy Yiuf (D:4)
  2 orc wizards (D:4)
  2 adders
  3 worms
  A dart slug (D:2)
  2 orcs
  A ball python (D:1)
  7 endoplasms
  A giant cockroach (D:1)
  4 hobgoblins
  2 jackals (D:2)
  3 kobolds
  3 quokkas
  5 bats
  4 frilled lizards
  2 rats
43 creatures vanquished.

Notes
Turn   | Place    | Note
-------+----------+-------------------------------------------
     0 | D:1      | Heoruswealwe the Deep Elf Conjurer began the quest for the
                  | Orb.
     0 | D:1      | Reached XP level 1. HP: 10/10 MP: 6/6
   172 | D:1      | Found a faded altar of an unknown god.
   307 | D:1      | Reached XP level 2. HP: 15/15 MP: 2/8
   310 | D:1      | Learned a level 2 spell: Searing Ray
   901 | D:2      | Reached skill level 5 in Conjurations
   901 | D:2      | Reached XP level 3. HP: 19/19 MP: 8/10
   905 | D:2      | Learned a level 3 spell: Dazzling Flash
  1745 | D:3      | Found a white marble altar of Elyvilon.
  2092 | D:3      | Reached XP level 4. HP: 24/24 MP: 8/12
  2097 | D:3      | Learned a level 4 spell: Fulminant Prism
  2397 | D:4      | Reached skill level 5 in Spellcasting
  2475 | D:4      | Found a runed translucent door.
  2476 | D:4      | Noticed Crazy Yiuf
  2484 | D:4      | Killed Crazy Yiuf
  2485 | D:4      | Reached XP level 5. HP: 5/28 MP: 3/15
  2490 | D:4      | Learned a level 4 spell: Iskenderun's Mystic Blast
  2555 | D:4      | Noticed Sigmund
  2565 | D:4      | Killed from afar by Sigmund

Illustrated notes

Levels and vault maps discovered:
D:1:      elethiomel_arrival_infinity_welcomes_careful_drivers, layout_rooms,
          ebering_ecumenical_altar_mist, dreamdust_mushroom_princess
D:2:      layout_loops_corners, minmay_misc_feat_hallway
D:3:      layout_loops_ring, elyvilon_altar_1, minmay_surrounded
D:4:      layout_basic, gup_sewer_entry_bubbles, uniq_menkaure,
          uniq_crazy_yiuf_cottage, uniq_sigmund

Skill      XL: |  1  2  3  4 |
---------------+-------------+-----
Spellcasting   | 4 5 |  5.5
Conjurations   | 5 |  5.9
Dodging        | |  2.4
Stealth        | |  2.4

Action                     |  1- 3 |  4- 6 || total
---------------------------+-------+-------++-------
  Melee: Unarmed           |    27 |       ||    27
   Cast: Magic Dart        |    81 |    17 ||    98
         Searing Ray       |       |     2 ||     2
 Armour: Robe              |     1 |       ||     1
  Dodge: Dodged            |     7 |     2 ||     9
